MLB
BALTIMORE ORIOLES @ LOS ANGELES ANGELS
03/26/2023
 
TOP OF THE 1ST
Baltimore Orioles batting - Pitching for Los Angeles Angels : RHP Domingo German
Pitching: RHP Domingo German
Batting: RHB Vaughn Grissom 0-0: Ball
1-0: Called Strike
1-1: Ground out 5-3 (Groundball, 56, EV 89.4 MPH)
Batting: RHB Trevor Story 0-0: Ball
1-0: Called Strike
1-1: Foul Ball, location: 2F
1-2: Ball
2-2: Ball
3-2: Foul Ball, location: 2F
3-2: SINGLE (Groundball, 34D, EV 100.0 MPH)
Batting: LHB Masataka Yoshida 0-0: Ball
1-0: Called Strike
1-1: Fielders Choice at 2nd, 4-6 (Groundball, 4, EV 103.8 MPH)
Batting: RHB Nick Castellanos 0-0: Ball
1-0: Ball
2-0: Called Strike
2-1: Swinging Strike
2-2: Ball
3-2: DOUBLE (Line Drive, 78XD, EV 105.0 MPH)
Masataka Yoshida to third
Masataka Yoshida scores
Batting: RHB Garrett Cooper 0-0: Ground out 6-3 (Groundball, 6, EV 93.1 MPH)
Top of the 1st over - 1 run, 2 hits, 0 errors, 1 left on base; Baltimore 1 - Los Angeles 0
BOTTOM OF THE 1ST
Los Angeles Angels batting - Pitching for Baltimore Orioles : RHP Zak Kent
Pitching: RHP Zak Kent
Batting: RHB Samad Taylor 0-0: Ground out U3 (Groundball, 3, EV 83.1 MPH)
Batting: RHB Ke'Bryan Hayes 0-0: SINGLE (Groundball, 23, EV 66.9 MPH) (infield hit)
Batting: LHB Gavin Sheets 0-0: Ball
1-0: Called Strike
Ke'Bryan Hayes steals 2nd base
1-1: Foul Ball, location: 25F
1-2: Strikes out looking
Batting: RHB Joey Bart 0-0: Ball
1-0: Foul Ball, location: 2F
1-1: Fly out, F8 (Flyball, 78S, EV 86.9 MPH)
Bottom of the 1st over - 0 runs, 1 hit, 0 errors, 1 left on base; Baltimore 1 - Los Angeles 0
TOP OF THE 2ND
Baltimore Orioles batting - Pitching for Los Angeles Angels : RHP Domingo German
Batting: RHB Andrew McCutchen 0-0: Ball
1-0: Ground out 6-3 (Groundball, 6, EV 105.0 MPH)
Batting: LHB Jason Heyward 0-0: Called Strike
0-1: Swinging Strike
0-2: Ball
1-2: Ground out 4-3 (Groundball, 34, EV 104.4 MPH)
Batting: RHB Eguy Rosario 0-0: Called Strike
0-1: Called Strike
0-2: Foul Ball, location: 2F
0-2: Fly out, F8 (Flyball, 78D, EV 106.3 MPH)
Top of the 2nd over - 0 runs, 0 hits, 0 errors, 0 left on base; Baltimore 1 - Los Angeles 0
BOTTOM OF THE 2ND
Los Angeles Angels batting - Pitching for Baltimore Orioles : RHP Zak Kent
Batting: LHB Bryson Stott 0-0: Ball
1-0: Ball
2-0: Foul Ball, location: 2F
2-1: Ball
3-1: Foul Ball, location: 3F
3-2: Foul Ball, location: 3F
3-2: Ground out U3 (Groundball, 23, EV 86.9 MPH)
Batting: RHB Brian Anderson 0-0: SINGLE (Line Drive, 78S, EV 97.5 MPH)
Batting: LHB Joey Wendle 0-0: Called Strike
0-1: Fly out, F7 (Flyball, 7, EV 93.1 MPH)
Batting: RHB Jeter Downs 0-0: Ball
Wild Pitch!
Brian Anderson to second
1-0: Called Strike
1-1: Fly out, F5 (Line Drive, 5L, EV 66.3 MPH)
Bottom of the 2nd over - 0 runs, 1 hit, 0 errors, 1 left on base; Baltimore 1 - Los Angeles 0
TOP OF THE 3RD
Baltimore Orioles batting - Pitching for Los Angeles Angels : RHP Domingo German
Batting: RHB Jose Trevino 0-0: Ball
1-0: Ball
2-0: Called Strike
2-1: Called Strike
2-2: Foul Ball, location: 2F
2-2: Fly out, F7 (Flyball, 7D, EV 105.6 MPH)
Batting: RHB Vaughn Grissom 0-0: Ball
1-0: Foul Ball, location: 7LDF
1-1: SINGLE (Groundball, 34D, EV 96.3 MPH)
Batting: RHB Trevor Story 0-0: Ball
1-0: Swinging Strike
1-1: Ball
2-1: Called Strike
2-2: Strikes out swinging
Batting: LHB Masataka Yoshida 0-0: Ball
Vaughn Grissom steals 2nd base
1-0: Ball
2-0: Called Strike
2-1: Foul Ball, location: 7LMF
2-2: Ball
3-2: Base on Balls
Batting: RHB Nick Castellanos 0-0: Fly out, F8 (Flyball, 8RXD, EV 86.3 MPH)
Top of the 3rd over - 0 runs, 1 hit, 0 errors, 2 left on base; Baltimore 1 - Los Angeles 0
BOTTOM OF THE 3RD
Los Angeles Angels batting - Pitching for Baltimore Orioles : RHP Zak Kent
Batting: RHB Cristian Pache 0-0: Called Strike
0-1: Ball
1-1: Foul Ball, location: 3F
1-2: Foul Ball, location: 2F
1-2: Ball
2-2: Foul Ball, location: 2F
2-2: Foul Ball, location: 5F, Error on foul ball, E5
2-2: SINGLE (Line Drive, 5D, EV 103.8 MPH)
Batting: RHB Samad Taylor 0-0: SINGLE (Line Drive, 6D, EV 106.3 MPH)
Cristian Pache to second
Batting: RHB Ke'Bryan Hayes 0-0: Ball
1-0: Sac Bunt to P - play at first, batter OUT! 1-4
Cristian Pache to third
Samad Taylor to second
Batting: LHB Gavin Sheets 0-0: Ball
1-0: Swinging Strike
1-1: Ball
2-1: Fly out, F8 (Flyball, 8LD, EV 104.4 MPH)
Runner from 3rd tags up, SCORES, throw by CF
Batting: RHB Joey Bart 0-0: Ball
1-0: Ball
2-0: Fly out, F9 (Flyball, 9D, EV 100.6 MPH)
Bottom of the 3rd over - 1 run, 2 hits, 1 error, 1 left on base; Baltimore 1 - Los Angeles 1
TOP OF THE 4TH
Baltimore Orioles batting - Pitching for Los Angeles Angels : RHP Domingo German
Batting: RHB Garrett Cooper 0-0: Ball
1-0: Ball
2-0: Ball
3-0: Fly out, F7 (Flyball, 7S, EV 83.8 MPH)
Batting: RHB Andrew McCutchen 0-0: Foul Ball, location: 7LSF
0-1: Ball
1-1: Ball
2-1: Ball
3-1: SINGLE (Groundball, 4MD, EV 101.9 MPH)
Batting: LHB Jason Heyward 0-0: Ball
1-0: Called Strike
1-1: Ball
2-1: Foul Ball, location: 7LSF
2-2: Fly out, F9 (Flyball, 9D, EV 77.5 MPH)
Batting: RHB Eguy Rosario 0-0: Fly out, F9 (Line Drive, 9, EV 91.3 MPH)
Top of the 4th over - 0 runs, 1 hit, 0 errors, 1 left on base; Baltimore 1 - Los Angeles 1
BOTTOM OF THE 4TH
Los Angeles Angels batting - Pitching for Baltimore Orioles : RHP Zak Kent
Batting: LHB Bryson Stott 0-0: Ball
1-0: Called Strike
1-1: Called Strike
1-2: Strikes out swinging
Batting: RHB Brian Anderson 0-0: Ball
1-0: Fly out, F4 (Popup, 34S, EV 74.4 MPH)
Batting: LHB Joey Wendle 0-0: Ball
1-0: Swinging Strike
1-1: Called Strike
1-2: Foul Ball, location: 5DF
1-2: Ball
2-2: Foul Ball, location: 2F
2-2: Fly out, F8 (Flyball, 8LD, EV 100.6 MPH)
Bottom of the 4th over - 0 runs, 0 hits, 0 errors, 0 left on base; Baltimore 1 - Los Angeles 1
TOP OF THE 5TH
Baltimore Orioles batting - Pitching for Los Angeles Angels : RHP Domingo German
Pitching: RHP Jesus Vargas
Now at C: Matt Thaiss
Now at 1B: Wil Myers
Now at 2B: Oswaldo Cabrera
Batting: RHB Jose Trevino 0-0: Called Strike
0-1: Ground out 6-3 (Groundball, 6, EV 82.5 MPH)
Batting: RHB Vaughn Grissom 0-0: Called Strike
0-1: Ball
1-1: Foul Ball, location: 2F
1-2: Fly out, F8 (Flyball, 8LM, EV 88.8 MPH)
Pinch Hitting: LHB Jose Devers 0-0: Ground out 5-3 (Groundball, 5S, EV 65.6 MPH)
Top of the 5th over - 0 runs, 0 hits, 0 errors, 0 left on base; Baltimore 1 - Los Angeles 1
BOTTOM OF THE 5TH
Los Angeles Angels batting - Pitching for Baltimore Orioles : RHP Zak Kent
Now at 1B: Oscar Colas
Now at 2B: Wilfredo Tovar
Now at 3B: Addison Barger
Now at SS: Jose Devers
Now in RF: Brenton Doyle
Batting: RHB Jeter Downs 0-0: Ball
1-0: Called Strike
1-1: Ball
2-1: Fly out, F8 (Flyball, 8LXD, EV 99.4 MPH)
Batting: RHB Cristian Pache 0-0: DOUBLE (Line Drive, 9LS, EV 105.0 MPH)
Pinch Hitting: LHB Miguel Aparicio 0-0: Called Strike
0-1: Ball
1-1: Fly out, F7 (Flyball, 7, EV 81.3 MPH)
Batting: RHB Ke'Bryan Hayes 0-0: Ball
1-0: SINGLE (Line Drive, 7S, EV 100.6 MPH)
Cristian Pache to third
Runner from 3rd tries for Home, SAFE, throw by LF to home
Batting: LHB Matt Thaiss 0-0: Called Strike
0-1: Ball
1-1: Ground out 4-3 (Groundball, 4, EV 110.0 MPH)
Bottom of the 5th over - 1 run, 2 hits, 0 errors, 1 left on base; Baltimore 1 - Los Angeles 2
TOP OF THE 6TH
Baltimore Orioles batting - Pitching for Los Angeles Angels : RHP Jesus Vargas
Now in LF: Miguel Aparicio
Pinch Hitting: RHB Gilberto Celestino 0-0: SINGLE (Line Drive, 89S, EV 107.5 MPH)
Batting: RHB Nick Castellanos 0-0: Fly out, F9 (Flyball, 9LM, EV 91.3 MPH)
Batting: LHB Oscar Colas 0-0: Foul Ball, location: 3F
0-1: Called Strike
0-2: Strikes out looking
Batting: RHB Brenton Doyle 0-0: Fielders Choice at 2nd, 6-4 (Groundball, 6, EV 64.4 MPH)
Top of the 6th over - 0 runs, 1 hit, 0 errors, 1 left on base; Baltimore 1 - Los Angeles 2
BOTTOM OF THE 6TH
Los Angeles Angels batting - Pitching for Baltimore Orioles : RHP Zak Kent
Pitching: RHP Taylor Clarke
Now at C: Max Stassi
Now in LF: Brenton Doyle
Now in RF: Gilberto Celestino
Batting: SHB Oswaldo Cabrera 0-0: Ball
1-0: SINGLE (Flyball, 89S, EV 90.0 MPH)
Batting: RHB Wil Myers 0-0: Ball
1-0: Grounds into double play, 5-4-3 (Groundball, 56, EV 81.9 MPH)
Pinch Hitting: RHB Brennen Davis 0-0: Ball
1-0: Called Strike
1-1: Ball
2-1: Ball
3-1: Base on Balls
Batting: RHB Nico Hoerner 0-0: SINGLE (Groundball, 34S, EV 75.6 MPH) (infield hit)
Brennen Davis to second
Batting: RHB Jeter Downs 0-0: Foul Ball, location: 2F
0-1: Called Strike
0-2: Ball
1-2: Foul Ball, location: 25F
1-2: Ball
2-2: Strikes out swinging
Bottom of the 6th over - 0 runs, 2 hits, 0 errors, 2 left on base; Baltimore 1 - Los Angeles 2
TOP OF THE 7TH
Baltimore Orioles batting - Pitching for Los Angeles Angels : RHP Jesus Vargas
Pitching: RHP Keaton Winn
Now in RF: Brennen Davis
Batting: LHB Jason Heyward 0-0: Ball
1-0: Ball
2-0: Ball
3-0: SINGLE (Groundball, 4MD, EV 100.6 MPH)
Batting: LHB Addison Barger 0-0: Ball
1-0: Ball
2-0: Called Strike
Pickoff Throw to First - Out! 1-3
2-1: Ball
3-1: Base on Balls
Batting: RHB Max Stassi 0-0: Ball
1-0: Ball
2-0: Foul Ball, location: 3SF
2-1: Swinging Strike
2-2: Strikes out swinging
Batting: RHB Wilfredo Tovar 0-0: SINGLE (Groundball, 4MD, EV 96.9 MPH)
Addison Barger to second
Runner from 2nd tries for 3rd, SAFE, throw by CF made to third
Batting: LHB Jose Devers 0-0: Foul Ball, location: 2F
0-1: Called Strike
0-2: Strikes out swinging
Top of the 7th over - 0 runs, 2 hits, 0 errors, 2 left on base; Baltimore 1 - Los Angeles 2
BOTTOM OF THE 7TH
Los Angeles Angels batting - Pitching for Baltimore Orioles : RHP Taylor Clarke
Pitching: RHP Lucas Sims
Pinch Hitting: RHB Heliot Ramos 0-0: Ball
1-0: Ground out 5-3 (Groundball, 56, EV 85.6 MPH)
Batting: LHB Miguel Aparicio 0-0: Swinging Strike
0-1: Called Strike
0-2: Ball
1-2: Foul Ball, location: 3F
1-2: Ball
2-2: Strikes out swinging
Batting: RHB Ke'Bryan Hayes 0-0: Called Strike
0-1: Foul Ball, location: 9LMF
0-2: Ball
1-2: Ball
2-2: Ball
3-2: Ground out 6-3 (Groundball, 6, EV 81.9 MPH)
Bottom of the 7th over - 0 runs, 0 hits, 0 errors, 0 left on base; Baltimore 1 - Los Angeles 2
TOP OF THE 8TH
Baltimore Orioles batting - Pitching for Los Angeles Angels : RHP Keaton Winn
Pitching: RHP Gavin Hollowell
Now in CF: Brennen Davis
Now in RF: Heliot Ramos
Batting: RHB Gilberto Celestino 0-0: Ball
1-0: Ball
2-0: Called Strike
2-1: Foul Ball, location: 25F
2-2: Ball
3-2: Foul Ball, location: 2F
3-2: SINGLE (Groundball, 56S, EV 65.6 MPH) (infield hit)
Batting: SHB Jose Herrera 0-0: Ball
1-0: Ball
2-0: Ball
3-0: Called Strike
3-1: Foul Ball, location: 2F
3-2: Base on Balls
Gilberto Celestino to second
Batting: LHB Oscar Colas 0-0: Ball
1-0: Ball
2-0: Ball
3-0: Base on Balls
Gilberto Celestino to third
Jose Herrera to second
Batting: RHB Brenton Doyle 0-0: Ball
1-0: Foul Ball, location: 2F
1-1: Ball
2-1: Called Strike
2-2: Ball
3-2: SINGLE (Line Drive, 34D, EV 105.0 MPH)
Gilberto Celestino scores
Jose Herrera to third
Oscar Colas to second
Batting: LHB Jason Heyward 0-0: Ball
1-0: Ball
2-0: Fly out, F9 (Line Drive, 9S, EV 88.8 MPH)
Runner from 3rd tags up, SCORES, throw by RF
Oscar Colas to third
Pitching: RHP Edward Cabrera
Batting: LHB Addison Barger 0-0: Ball
1-0: Called Strike
1-1: Fielders Choice at home, 5-2 (Groundball, 56, EV 89.4 MPH)
Brenton Doyle to second
Batting: RHB Max Stassi 0-0: Ball
1-0: Ball
2-0: Ball
3-0: Called Strike
3-1: Called Strike
3-2: Strikes out looking
Top of the 8th over - 2 runs, 2 hits, 0 errors, 2 left on base; Baltimore 3 - Los Angeles 2
BOTTOM OF THE 8TH
Los Angeles Angels batting - Pitching for Baltimore Orioles : RHP Lucas Sims
Pitching: RHP Joe Barlow
Batting: LHB Matt Thaiss 0-0: Called Strike
0-1: Ball
1-1: Called Strike
1-2: Ball
2-2: Ball
3-2: Strikes out swinging
Batting: SHB Oswaldo Cabrera 0-0: Ball
1-0: Ball
2-0: SINGLE (Groundball, 34, EV 88.8 MPH) (infield hit)
Batting: RHB Wil Myers 0-0: Ball
1-0: Called Strike
1-1: Swinging Strike
1-2: Ball
2-2: Foul Ball, location: 2F
2-2: SINGLE (Line Drive, 78M, EV 90.6 MPH)
Oswaldo Cabrera to second
Batting: RHB Brennen Davis 0-0: Ball
1-0: Called Strike
1-1: Ball
2-1: Ball
3-1: Foul Ball, location: 2F
3-2: Strikes out swinging
Pitching: RHP Jayden Murray
Batting: RHB Nico Hoerner 0-0: Foul Ball, location: 2F
0-1: Ball
1-1: Ground out 1-3 (Groundball, 13S, EV 75.6 MPH)
Bottom of the 8th over - 0 runs, 2 hits, 0 errors, 2 left on base; Baltimore 3 - Los Angeles 2
TOP OF THE 9TH
Baltimore Orioles batting - Pitching for Los Angeles Angels : RHP Edward Cabrera
Batting: RHB Wilfredo Tovar 0-0: Called Strike
0-1: Called Strike
0-2: Ball
1-2: Ball
2-2: Strikes out swinging
Batting: LHB Jose Devers 0-0: Ball
1-0: Ball
2-0: Ball
3-0: Base on Balls
Batting: RHB Gilberto Celestino 0-0: Ball
1-0: Ball
2-0: SINGLE (Line Drive, 78S, EV 103.8 MPH)
Jose Devers to second
Batting: SHB Jose Herrera 0-0: Ball
1-0: Ball
2-0: Ball
3-0: Base on Balls
Jose Devers to third
Gilberto Celestino to second
Batting: LHB Oscar Colas 0-0: Ball
1-0: Foul Ball, location: 3F
1-1: Fly out, F1 (Popup, P, EV 85.0 MPH)
Pitching: RHP Carlos Martinez
Batting: RHB Brenton Doyle 0-0: Ball
1-0: Called Strike
1-1: Ball
Wild Pitch!
Jose Devers scores
Gilberto Celestino to third
Jose Herrera to second
2-1: Called Strike
2-2: Fly out, F7 (Flyball, 7D, EV 92.5 MPH)
Top of the 9th over - 1 run, 1 hit, 0 errors, 2 left on base; Baltimore 4 - Los Angeles 2
BOTTOM OF THE 9TH
Los Angeles Angels batting - Pitching for Baltimore Orioles : RHP Jayden Murray
Batting: RHB Jeter Downs 0-0: Called Strike
0-1: Ball
1-1: SINGLE (Line Drive, 89S, EV 104.4 MPH)
Batting: RHB Heliot Ramos 0-0: Ball
1-0: Ball
2-0: Foul Ball, location: 2F
2-1: Ball
3-1: Base on Balls
Jeter Downs to second
Pinch Hitting: RHB Devlin Granberg 0-0: Ball
1-0: Ball
2-0: Ball
3-0: Called Strike
3-1: Foul Ball, location: 2F
3-2: Foul Ball, location: 9LDF
3-2: Fly out, F9 (Flyball, 89D, EV 80.0 MPH)
Runner from 2nd tags up, SAFE at 3rd, no throw by RF
Batting: RHB Ke'Bryan Hayes 0-0: Swinging Strike
0-1: Ball
1-1: Foul Ball, location: 9LMF
1-2: DOUBLE (Line Drive, 78D, EV 101.3 MPH)
Jeter Downs scores
Heliot Ramos to third
Runner from 3rd tries for Home, SAFE, no throw by LF
Batting: LHB Matt Thaiss 0-0: Ball
1-0: Ball
2-0: Ball
3-0: Called Strike
3-1: Foul Ball, location: 2F
3-2: Strikes out swinging
Pitching: LHP Scott Alexander
Batting: SHB Oswaldo Cabrera 0-0: Ball
1-0: Called Strike
1-1: Ball
2-1: Ball
3-1: Fly out, F8 (Flyball, 89D, EV 105.6 MPH)
Bottom of the 9th over - 2 runs, 2 hits, 0 errors, 1 left on base; Baltimore 4 - Los Angeles 4
TOP OF THE 10TH
Baltimore Orioles batting - Pitching for Los Angeles Angels : RHP Carlos Martinez
Pitching: RHP Drey Jameson
Now in LF: Devlin Granberg
Batting: LHB Jason Heyward 0-0: Ball
1-0: Ball
2-0: Ball
3-0: Called Strike
3-1: Foul Ball, location: 25F
3-2: Ground out 4-3 (Groundball, 4, EV 87.5 MPH)
Batting: LHB Addison Barger 0-0: Called Strike
0-1: Ball
1-1: Swinging Strike
1-2: Fly out, F8 (Line Drive, 78M, EV 84.4 MPH)
Pinch Hitting: SHB Patrick Bailey 0-0: Ball
1-0: SINGLE (Line Drive, 78S, EV 90.0 MPH)
Batting: RHB Wilfredo Tovar 0-0: Called Strike
0-1: Ball
1-1: Ball
2-1: Foul Ball, location: 9LDF
2-2: Ball
3-2: SINGLE (Popup, 3S, EV 82.5 MPH)
Patrick Bailey to second
Patrick Bailey to third
Batting: LHB Jose Devers 0-0: Ground out 4-3 (Groundball, 4, EV 108.8 MPH)
Top of the 10th over - 0 runs, 2 hits, 0 errors, 2 left on base; Baltimore 4 - Los Angeles 4
BOTTOM OF THE 10TH
Los Angeles Angels batting - Pitching for Baltimore Orioles : LHP Scott Alexander
Now at C: Patrick Bailey
Batting: RHB Wil Myers 0-0: Ball
1-0: Ground out 6-3 (Groundball, 6, EV 83.1 MPH)
Batting: RHB Brennen Davis 0-0: Called Strike
0-1: Ball
1-1: Ball
2-1: Ball
3-1: Base on Balls
Batting: RHB Nico Hoerner 0-0: Fly out, F9 (Flyball, 89M, EV 91.3 MPH)
Batting: RHB Jeter Downs 0-0: Fielders Choice at 2nd, 6-4 (Groundball, 6, EV 83.8 MPH)
Bottom of the 10th over - 0 runs, 0 hits, 0 errors, 1 left on base; Baltimore 4 - Los Angeles 4
TOP OF THE 11TH
Baltimore Orioles batting - Pitching for Los Angeles Angels : RHP Drey Jameson
Pitching: RHP Cody Bolton
Batting: RHB Gilberto Celestino 0-0: Called Strike
0-1: Ball
1-1: Swinging Strike
1-2: Ball
2-2: Fly out, F9 (Flyball, 9LSF, EV 77.5 MPH)
Batting: SHB Jose Herrera 0-0: Swinging Strike
0-1: Ball
1-1: Ball
2-1: Foul Ball, location: 5F
2-2: Strikes out swinging
Batting: LHB Oscar Colas 0-0: Ball
1-0: Ground out 6-3 (Groundball, 4, EV 80.6 MPH)
Top of the 11th over - 0 runs, 0 hits, 0 errors, 0 left on base; Baltimore 4 - Los Angeles 4
BOTTOM OF THE 11TH
Los Angeles Angels batting - Pitching for Baltimore Orioles : LHP Scott Alexander
Pitching: RHP Adrian Houser
Batting: RHB Heliot Ramos 0-0: Called Strike
0-1: Ball
1-1: Ground out 5-3 (Groundball, 5, EV 82.5 MPH)
Batting: RHB Devlin Granberg 0-0: Ball
1-0: Called Strike
1-1: Foul Ball, location: 3F
1-2: Ball
2-2: Ground out 6-3 (Groundball, 6, EV 96.3 MPH)
Batting: RHB Ke'Bryan Hayes 0-0: Ball
1-0: Ground out 6-3 (Groundball, 6, EV 81.3 MPH)
Bottom of the 11th over - 0 runs, 0 hits, 0 errors, 0 left on base; Baltimore 4 - Los Angeles 4
TOP OF THE 12TH
Baltimore Orioles batting - Pitching for Los Angeles Angels : RHP Cody Bolton
Pitching: RHP Connor Seabold
Batting: RHB Brenton Doyle 0-0: Swinging Strike
0-1: Called Strike
0-2: Foul Ball, location: 3DF
0-2: Strikes out swinging
Batting: LHB Jason Heyward 0-0: Called Strike
0-1: Ball
1-1: Fly out, F9 (Line Drive, 9, EV 96.9 MPH)
Batting: LHB Addison Barger 0-0: Called Strike
0-1: Ground out 6-3 (Groundball, 6, EV 101.3 MPH)
Top of the 12th over - 0 runs, 0 hits, 0 errors, 0 left on base; Baltimore 4 - Los Angeles 4
BOTTOM OF THE 12TH
Los Angeles Angels batting - Pitching for Baltimore Orioles : RHP Adrian Houser
Pitching: RHP Nick Neidert
Batting: LHB Matt Thaiss 0-0: Ball
1-0: Ball
2-0: Called Strike
2-1: Called Strike
2-2: Ball
3-2: Foul Ball, location: 9LDF
3-2: Foul Ball, location: 9LMF
3-2: Base on Balls
Batting: SHB Oswaldo Cabrera 0-0: Fielders Choice at 2nd, 5-4 (Groundball, 56, EV 98.1 MPH)
Batting: RHB Wil Myers 0-0: Fly out, F7 (Flyball, 78S, EV 92.5 MPH)
Batting: RHB Brennen Davis 0-0: Called Strike
0-1: Called Strike
Oswaldo Cabrera steals 2nd base
0-2: Ball
1-2: Foul Ball, location: 2F
1-2: SINGLE (Line Drive, 78S, EV 85.6 MPH)
Oswaldo Cabrera to third
Runner from 3rd tries for Home, SAFE, throw by CF to home
Bottom of the 12th over - 1 run, 1 hit, 0 errors, 1 left on base; Baltimore 4 - Los Angeles 5
Sunday, May 28th , 2023 - OOTP Baseball 24.4 Build 61